 Dungeon Crawl Stone Soup version 0.31-a0-1405-g2bb1a01664 (webtiles) character file.

Game seed: 1655564046222102426

607 BigPumpCobain the Ruffian (level 7, -2/68 HPs)
             Began as a Troll Shapeshifter on Dec 25, 2023.
             Slain by a gnoll sergeant
             ... wielding a +0 spear
              (10 damage)
             ... on level 5 of the Dungeon.
             The game lasted 00:03:59 (3425 turns).

BigPumpCobain the Ruffian (Troll Shapeshifter)      Turns: 3425, Time: 00:04:00

Health: -2/68      AC:  4    Str: 25    XL:     7   Next: 19%
Magic:  6/6        EV:  8    Int:  6    God:
Gold:   170        SH:  6    Dex:  9    Spells: 6/6 levels left

rFire   . .          .
                       - Unarmed
rCold   + . .        n - +0 kite shield
rNeg    . . .        a - +0 animal skin
rPois   .            (helmet currently unavailable)
rElec   .            (cloak currently unavailable)
rCorr   +            (gloves unavailable)
SInv    .            (boots unavailable)
Will    .....        (no amulet)
Stlth   +            p - ring of protection from cold
HPRegen 1.11/turn    r - ring of resist corrosion
MPRegen 0.10/turn

%: no passive effects
@: beast-form
A: beast (slay +2), large, unfitting armour, claws 3, regeneration 1, shaggy fur
1, tough skin 1
a: Begin Untransformation


You were on level 5 of the Dungeon.
You were a hulking beast.
You visited 1 branch of the dungeon, and saw 5 of its levels.

You collected 170 gold pieces.

Inventory:

Armour
 a - a +0 animal skin (worn)
 n - a +0 kite shield (worn)
Jewellery
 p - a ring of protection from cold (left claw)
 r - a ring of resist corrosion (right claw)
 x - a ring of willpower
Talismans
 c - a beast talisman
 d - a flux talisman
Wands
 u - a wand of mindburst (12)
 v - a wand of charming (11)
 y - a wand of quicksilver (9)
Scrolls
 f - 2 scrolls of enchant weapon {unknown}
 h - 4 scrolls of identify {unknown}
 j - a scroll of silence {unknown}
 k - 2 scrolls of immolation {unknown}
 l - a scroll of vulnerability {unknown}
 m - a scroll of noise {unknown}
 o - 2 scrolls of teleportation {unknown}
 q - a scroll of acquirement {unknown}
 w - a scroll of blinking {unknown}
Potions
 b - 2 potions of lignification
 e - 2 potions of mutation {unknown}
 g - 2 potions of haste {unknown}
 i - 2 potions of enlightenment {unknown}
 s - a potion of brilliance {unknown}
 t - a potion of invisibility {unknown}
 z - a potion of attraction {unknown}


   Skills:
 + Level 3.7 Fighting
 - Level 1.5 Dodging
 + Level 5.3 Unarmed Combat
 + Level 5.0 Shapeshifting


You had 6 spell levels left.
You didn't know any spells.
Your spell library contained the following spells:

 Spells                   Type           Power      Damage    Failure   Level
 Magic Dart               Conj           0%         1d3       75%         1
 Blink                    Tloc           0%         N/A       87%         2
 Call Imp                 Summ           0%         N/A       87%         2


Dungeon Overview and Level Annotations

Branches:
Dungeon (5/15)
 Temple: D:4-7

Altars:
Elyvilon
Uskayaw
Xom


Innate Abilities, Weirdness & Mutations

You are a hulking beast.
Your limbs bulge with bestial killing power. (Slay +2)
You are too large for most types of armour.
You have claws for hands.
Your natural rate of healing is unusually fast.
You are covered in fur. (AC +1)
You have tough skin. (AC +1)


Message History

You are too injured to fight recklessly!
You are too injured to fight recklessly!
You are too injured to fight recklessly!
You are too injured to fight recklessly!
You are too injured to fight recklessly!
You are too injured to fight recklessly!
You are too injured to fight recklessly!
You are too injured to fight recklessly!
You are too injured to fight recklessly!
You are too injured to fight recklessly!
You are too injured to fight recklessly!
You are too injured to fight recklessly!
Okay, then.
The gnoll hits you with a +0 club!
* * * LOW HITPOINT WARNING * * *
You open the door. The gnoll hits you but does no damage.
The gnoll sergeant attacks as it pursues you!
You block the gnoll sergeant's attack.
There is an open door here.
A bombardier beetle comes into view.
You barely miss the gnoll. You block the gnoll's attack.
The gnoll sergeant hits you from afar with a +0 spear.
You block the gnoll's attack.
You scratch the gnoll but do no damage. The gnoll sergeant barely misses you.
The gnoll closely misses you.
You barely miss the gnoll.
The gnoll sergeant hits you from afar with a +0 spear.
The gnoll hits you with a +0 flail!
* * * LOW HITPOINT WARNING * * *
The gnoll sergeant hits you from afar with a +0 spear!
* * * LOW HITPOINT WARNING * * *
You mangle the gnoll!!
You kill the gnoll!
You block the gnoll sergeant's attack.
You swing at nothing.
You block the gnoll sergeant's attack.
You swing at nothing.
The gnoll sergeant barely misses you.
You swing at nothing.
The gnoll sergeant hits you from afar with a +0 spear!
You die...

... ... # .....
.# ..... .# ##.
.....####.#....
........B..
#.....# #.#h#
##.#)# #..#g##
##.#.gg#
#..#...#
#.##...#
###.#....#
#...#..).+
#.###....#


You could see a gnoll sergeant, a bombardier beetle and 2 gnolls.

Vanquished Creatures
  A black bear (D:5)
  A scorpion (D:4)
  A bombardier beetle (D:3)
  An orc priest (D:4)
  4 iguanas
  Natasha (thrice) (D:3)
  An orc wizard (D:4)
  4 adders
  6 gnolls
  2 dart slugs
  9 orcs
  9 bats
  11 endoplasms
  4 giant cockroaches
  3 goblins
  7 hobgoblins
  10 kobolds
  3 quokkas
  7 ball pythons
  7 frilled lizards
  11 rats
105 creatures vanquished.

Notes
Turn   | Place    | Note
-------+----------+-------------------------------------------
     0 | D:1      | BigPumpCobain the Troll Shapeshifter began the quest for
                  | the Orb.
     0 | D:1      | Reached XP level 1. HP: 18/18 MP: 0/0
   193 | D:1      | Reached skill level 1 in Fighting
   221 | D:1      | Reached XP level 2. HP: 25/27 MP: 1/1
   472 | D:1      | Reached XP level 3. HP: 33/33 MP: 2/2
  1382 | D:2      | Found a shimmering altar of Xom.
  1624 | D:2      | Reached XP level 4. HP: 26/42 MP: 3/3
  2034 | D:3      | Reached XP level 5. HP: 42/50 MP: 4/4
  2207 | D:3      | Noticed Natasha
  2214 | D:3      | Killed Natasha
  2313 | D:3      | Noticed Natasha
  2317 | D:3      | Killed Natasha
  2467 | D:3      | Noticed Natasha
  2477 | D:3      | Killed Natasha
  2478 | D:3      | Reached XP level 6. HP: 54/59 MP: 5/5
  2504 | D:4      | Identified the +1 cloak of Neif {rF+ Str+3 SInv}
  2638 | D:4      | Found a white marble altar of Elyvilon.
  2783 | D:4      | Reached skill level 5 in Unarmed Combat
  3206 | D:5      | Entered Level 5 of the Dungeon
  3231 | D:5      | Reached XP level 7. HP: 67/67 MP: 6/6
  3241 | D:5      | Found a hide-covered altar of Uskayaw.
  3357 | D:5      | Reached skill level 5 in Shapeshifting
  3421 | D:5      | HP: 3/68 [gnoll sergeant/+0 spear (10)]
  3425 | D:5      | Slain by a gnoll sergeant

Illustrated notes

Levels and vault maps discovered:
D:1:      dpeg_cavernosity, layout_basic, solitary_fountain
D:2:      layout_loops_corners, basic_altar
D:3:      layout_basic, uniq_natasha
D:4:      layout_basic, elyvilon_altar_5, nicolae_kite_square_tiling_tiny
D:5:      layout_basic, mainiacjoe_overflow_six_doors_small,
          grunt_decor_junction

Skill      XL: |  1  2  3  4  5  6  7 |
---------------+----------------------+-----
Fighting       | 1 2 3 |  3.7
Unarmed Combat | 4 5 |  5.3
Shapeshifting  | 4 5 |  5.0
Dodging        | |  1.5

Action                     |  1- 3 |  4- 6 |  7- 9 || total
---------------------------+-------+-------+-------++-------
  Melee: Unarmed           |   112 |   130 |    13 ||   255
 Armour: Animal skin       |    65 |    64 |    17 ||   146
  Dodge: Dodged            |    36 |    34 |     5 ||    75
  Block: Kite shield       |     2 |    35 |     6 ||    43

Table legend: (Time is in decaauts)
 A = Elapsed time spent in this place.
 B = Non-inter-level travel time spent in this place.
 C = Inter-level travel time spent in this place.
 D = Time resting spent in this place.
 E = Time spent auto-exploring this place.
 F = Levels seen in this place.
 G = Mean time per level.
                   A        B        C        D        E       F      G
               +--------+--------+--------+--------+--------+-----+--------+
         Total |   3430 |   3286 |    144 |      0 |   2696 |   5 |  686.0 |
       Dungeon |   3430 |   3286 |    144 |      0 |   2696 |   5 |  686.0 |
               +--------+--------+--------+--------+--------+-----+--------+

Top non-repeatable levels by time:
     D:2: 968 daAuts
     D:1: 888 daAuts
     D:4: 728 daAuts
     D:3: 625 daAuts
     D:5: 219 daAuts
